 Dungeon Crawl Stone Soup version 0.31-a0-83-gbff143cfd1 (webtiles) character file.

Game seed: 14326487517083695525

516128 browni3141 the Lord of Darkness (level 24, 0/182 HPs)
             Began as a Mummy Fighter on May 24, 2023.
             Was the Champion of Kikubaaqudgha.
             Killed from afar by an orb of fire (22 damage)
             ... with a fireball
             ... on level 4 of the Realm of Zot on May 25, 2023.
             The game lasted 04:57:24 (74118 turns).

browni3141 the Lord of Darkness (Mummy Fighter)    Turns: 74118, Time: 04:57:24

Health: 0/182      AC: 29    Str: 32    XL:     24   Next: 1%
Magic:  3/45       EV: 15    Int: 25    God:    Kikubaaqudgha [******]
Gold:   1702       SH: 27    Dex: 16    Spells: 3/60 levels left

rFire   + + .        a - +5 scimitar "Qulodel" {freeze, Fragile Fly Dex+3}
rCold   + + .        Y - +8 tower shield {rC+}
rNeg    + + +        A - +0 storm dragon scales
rPois   ∞            m - +2 helmet {SInv}
rElec   +            s - +2 cloak of Tentacled Liberty {rN+ Int+3}
rCorr   +            k - +2 pair of gloves {Str+3}
SInv    +            c - +2 pair of boots {Stlth+}
Will    +++..        w - amulet of Scepticism {Regen+ Str+3 Int+3 Stlth+}
Stlth   +++          d - ring of Jocixt {rF++ rCorr Str+6 Int+3 SInv}
HPRegen 1.30/turn    K - ring "Orishrego" {rF+ rN+ Stlth+}
MPRegen 0.29/turn

%: faith
@: about to teleport, flying, studying Armour
A: cold resistance 1, negative energy resistance 3, torment resistance 2, heat
vulnerability 1, in touch with death 2, no potions, faith
}: 3/15 runes: decaying, slimy, gossamer
a: Renounce Religion, Unearth Wretches, Torment


You were on level 4 of the Realm of Zot.
You worshipped Kikubaaqudgha.
Kikubaaqudgha was exalted by your worship.
You visited 10 branches of the dungeon, and saw 47 of its levels.
You also visited: Sewer, Bailey, Gauntlet, Ice Cave and Wizlab.

You collected 6709 gold pieces.
You spent 5007 gold pieces at shops.

Inventory:

Hand Weapons
 a - the +5 scimitar "Qulodel" (weapon) {freeze, Fragile Fly Dex+3}
   (You found it on level 5 of the Pits of Slime)

   Dex:       It affects your dexterity (+3).
   Fly:       It grants you flight.
   Fragile:   It will be destroyed if unequipped.
 b - a +9 heavy quick blade
Missiles
 M - 15 curare-tipped darts
 P - 3 throwing nets
Armour
 c - a +2 pair of boots of stealth (worn)
 k - a +2 pair of gloves of strength (worn)
 m - a +2 helmet of see invisible (worn)
 s - the +2 cloak of Tentacled Liberty (worn) {rN+ Int+3}
   (You found it in an ice cave)

   Int:       It affects your intelligence (+3).
   rN:        It protects you from negative energy.
 A - +0 storm dragon scales (worn)
 F - quicksilver dragon scales
 Y - a +8 tower shield of cold resistance (worn)
 Z - the orb of Duty {guile, +Blink rC- Str+5 Int+2}
   (You found it on level 4 of the Lair of Beasts)

   Str:       It affects your strength (+5).
   Int:       It affects your intelligence (+2).
   rC:        It makes you vulnerable to cold.
   +Blink:    It lets you blink.
Jewellery
 d - the ring of Jocixt (left hand) {rF++ rCorr Str+6 Int+3 SInv}
   (You took it off a spriggan druid on level 1 of the Swamp)

   [ring of strength]

   Str:       It affects your strength (+6).
   Int:       It affects your intelligence (+3).
   rF:        It greatly protects you from fire.
   SInv:      It lets you see invisible.
   rCorr:     It protects you from acid and corrosion.
 f - a ring of wizardry
 t - an amulet of magic regeneration
 w - the amulet of Scepticism (around neck) {Regen+ Str+3 Int+3 Stlth+}
   (You took it off a deep elf pyromancer on level 3 of the Elven Halls)

   [amulet of regeneration]

   Str:       It affects your strength (+3).
   Int:       It affects your intelligence (+3).
   Regen:     It increases your rate of health regeneration.
   Stlth:     It makes you more stealthy.
 x - the ring "Reyxiat" {rN+ Will+ AC+4}
   (You took it off a deep elf demonologist on level 3 of the Elven Halls)

   [ring of protection]

   AC:        It affects your AC (+4).
   rN:        It protects you from negative energy.
   Will:      It increases your willpower.
 G - a ring of protection from fire
 H - the ring "Daotaont" {Fire Contam +Blink Str+3}
   (You found it in a wizard's laboratory)

   [ring of fire]

   It enhances your fire magic.
   Str:       It affects your strength (+3).
   rF:        It protects you from fire.
   rC:        It makes you vulnerable to cold.
   +Blink:    It lets you blink.
   Contam:    It causes magical contamination when unequipped.
 I - a ring of wizardry
 K - the ring "Orishrego" (right hand) {rF+ rN+ Stlth+}
   (You found it on level 10 of the Dungeon)

   [ring of positive energy]

   rF:        It protects you from fire.
   rN:        It protects you from negative energy.
   Stlth:     It makes you more stealthy.
 L - a ring of ice
 N - an amulet of reflection
 R - a ring of protection from fire
 T - a ring of see invisible
 W - a +6 ring of dexterity
 X - the ring "Fuevaq Ylol" {Ice rCorr Str+7 Dex-3 Stlth+}
   (You found it in a wizard's laboratory)

   [ring of ice]

   It enhances your ice magic.
   Str:       It affects your strength (+7).
   Dex:       It affects your dexterity (-3).
   rF:        It makes you vulnerable to fire.
   rC:        It protects you from cold.
   rCorr:     It protects you from acid and corrosion.
   Stlth:     It makes you more stealthy.
Wands
 p - a wand of flame (135)
 q - a wand of mindburst (65)
 r - a wand of digging (19)
 u - a wand of light (23)
 B - a wand of paralysis (73)
 E - a wand of iceblast (40)
 J - a wand of polymorph (20)
Scrolls
 e - 11 scrolls of magic mapping
 g - 9 scrolls of immolation
 h - 3 scrolls of silence
 i - 12 scrolls of teleportation
 j - 5 scrolls of torment
 l - 5 scrolls of blinking
 o - 4 scrolls of poison
 v - 3 scrolls of fog
 y - 11 scrolls of vulnerability
 z - 3 scrolls of butterflies
 C - 7 scrolls of enchant weapon
 D - 12 scrolls of amnesia
 O - 5 scrolls of fear
 Q - a scroll of enchant armour
 S - 8 scrolls of noise
Miscellaneous
 n - a lightning rod (4/4)
 U - a phantom mirror (inert)
 V - a phial of floods


   Skills:
 * Level 13.2 Fighting
 - Level 13.1(14.0) Short Blades
 - Level 8.0(11.6) Long Blades
 - Level 2.0 Throwing
 + Level 11.6 Armour
 - Level 13.0 Dodging
 - Level 4.0 Stealth
 * Level 15.6 Shields
 + Level 18.9 Spellcasting
 - Level 8.0 Summonings
 * Level 22.3 Necromancy
 - Level 10.0 Translocations
 - Level 2.0 Ice Magic
 - Level 2.0 Evocations


You had 3 spell levels left.
You knew the following spells:

 Your Spells              Type           Power      Damage    Failure   Level
a - Animate Dead          Necr           100%       N/A       0%          4
b - Cigotuvi's Dreadful   Necr/Pois/Air  100%       N/A       3%          2
c - Dispel Undead         Necr           100%       3d31      0%          4
d - Anguish               Hex/Necr       50%        N/A       3%          4
e - Death Channel         Necr           70%        N/A       1%          6
f - Blink                 Tloc           100%       N/A       1%          2
g - Infestation           Necr           70%        N/A       9%          8
h - Haunt                 Necr/Summ      57%        N/A       50%         7
i - Necrotise             Necr           100%       1d9       0%          1
j - Passage of Golubria   Tloc           65%        N/A       2%          4
k - Dispersal             Tloc           32%        N/A       32%         6
l - Simulacrum            Ice/Necr       52%        N/A       34%         6
m - Vampiric Draining     Necr           100%       2d13      0%          3

Your spell library contained the following spells:

 Spells                   Type           Power      Damage    Failure   Level
 Apportation              Tloc           100%       N/A       1%          1
 Kiss of Death            Conj/Necr      100%       2d13      1%          1
 Lesser Beckoning         Tloc           100%       N/A       1%          2
 Gell's Gravitas          Tloc           65%        N/A       1%          3
 Teleport Other           Tloc           65%        N/A       1%          3
 Portal Projectile        Hex/Tloc       72%        N/A       13%         3
 Vhi's Electric Charge    Tloc/Air       72%        N/A       13%         3
 Frozen Ramparts          Ice            66%        1d10      17%         3
 Ozocubu's Armour         Ice            33%        N/A       17%         3
 Foxfire                  Conj/Fire      44%        2x1d6     34%         1
 Shock                    Conj/Air       44%        1d5       34%         1
 Confusing Touch          Hex            23%        N/A       36%         3
 Swiftness                Air            23%        N/A       36%         3
 Tukima's Dance           Hex            23%        N/A       36%         3
 Poisonous Vapours        Pois/Air       22%        N/A       45%         2
 Static Discharge         Conj/Air       22%        2-3/arc   45%         2
 Hailstorm                Conj/Ice       16%        3d6       56%         3
 Dazzling Flash           Conj/Hex       22%        N/A       71%         3
 Inner Flame              Hex/Fire       11%        N/A       71%         3
 Ignite Poison            Fire/Tmut/Pois 7%         N/A       82%         3
 Mephitic Cloud           Conj/Pois/Air  7%         N/A       82%         3
 Agony                    Necr           100%       N/A       1%          5
 Manifold Assault         Tloc           65%        N/A       2%          4
 Summon Forest            Summ/Tloc      27%        N/A       24%         5
 Summon Ice Beast         Ice/Summ       36%        N/A       41%         4
 Summon Lightning Spire   Summ/Air       31%        N/A       54%         4
 Summon Cactus Giant      Summ           29%        N/A       58%         6
 Airstrike                Air            11%        2d(2-18)  78%         4
 Summon Mana Viper        Hex/Summ       31%        N/A       88%         5
 Flame Wave               Conj/Fire      11%        2d6       98%         4
 Petrify                  Tmut/Erth      11%        N/A       98%         4
 Sticky Flame             Conj/Fire      11%        2d3       98%         4
 Iskenderun's Battlesphe  Conj           23%        2d8       98%         5
 Metabolic Englaciation   Hex/Ice        8%         N/A       99%         5
 Alistair's Intoxication  Tmut/Pois      7%         N/A       100%        5
 Arcjolt                  Conj/Air       5%         1d15      100%        5
 Fireball                 Conj/Fire      5%         3d5       100%        5
 Freezing Cloud           Conj/Ice/Air   5%         6-21      100%        5
 Irradiate                Conj/Tmut      5%         3d13      100%        5
 Silence                  Hex/Air        5%         N/A       100%        5
 Yara's Violent Unravell  Hex/Tmut       5%         3d4       100%        5
 Conjure Ball Lightning   Conj/Air       5%         3x3d6     100%        6
 Plasma Beam              Fire/Air       5%         2x1d17    100%        6
 Starburst                Conj/Fire      5%         6d4       100%        6
 Enfeeble                 Hex            11%        N/A       100%        7
 Orb of Destruction       Conj           11%        9d6       100%        7
 Ozocubu's Refrigeration  Ice            16%        4d11      100%        7
 Ignition                 Fire           11%        3d5       100%        8
 Maxwell's Capacitive Co  Air            11%        ∞         100%        8
 Ice Form                 Ice/Tmut       Unusable   N/A       N/A         4
 Blade Hands              Tmut           Unusable   N/A       N/A         5
 Statue Form              Tmut/Erth      Unusable   N/A       N/A         6
 Dragon Form              Tmut           Unusable   N/A       N/A         7
 Storm Form               Tmut/Air       Unusable   N/A       N/A         7

Dungeon Overview and Level Annotations

Branches:
Dungeon (15/15)            Temple (1/1) D:4            Lair (5/5) D:11
  Swamp (4/4) Lair:3       Spider (4/4) Lair:3        Slime (5/5) Lair:5
    Orc (2/2) D:12            Elf (3/3) Orc:2        Vaults (0/5) D:14
 Depths (4/4) D:15            Zot (3/5) Depths:4      Sewer (visited)
 Bailey (visited)           IceCv (visited)          WizLab (visited)
Gauntlet (visited)

Altars:
Ashenzari
Cheibriados
Dithmenos
Fedhas
Gozag
Hepliaklqana
Kikubaaqudgha
Makhleb
Nemelex Xobeh
Okawaru
Qazlal
Ru
Sif Muna
Trog
Uskayaw
Vehumet
Wu Jian
Xom
Yredelemnul

Shops:
D:1 ?   D:6 *?([[   Orc:1 [??[   Orc:2 **[=*   Elf:1 !=:   Depths:3 ?

Portals:
Hell: Depths:1 Depths:2 Depths:3 Depths:4
Abyss: Depths:2 Depths:3 Depths:4
Pandemonium: Orc:2 Depths:2
Ziggurat: Depths:3
Trove: D:12 (give 8 scrolls of fear)

Annotations:
D:11 1 runed translucent door, exclusion: door, Pokonic1's ghost, journeyman GrMo
Elf:1 6 runed translucent doors


Innate Abilities, Weirdness & Mutations

You are immune to poison.
Your flesh is cold resistant. (rC+)
You are immune to negative energy. (rN+++)
You are immune to unholy pain and torment.
You are vulnerable to heat. (rF-)
You are strongly in touch with the powers of death.
You do not drink.
You have a special connection with the divine. (Faith)


Message History

Kikubaaqudgha calls piteous wretches from the earth!
A storm dragon, a black draconian knight and 2 moths of wrath come into view.
Unknown command.
Unknown command.
Unknown command.
As you read the scroll of teleportation, it crumbles to dust.
You feel strangely unstable.
You feel the Orb delaying your translocation!
A nearby storm dragon perishes wretchedly.
A nearby black draconian knight perishes wretchedly.
A nearby moth of wrath perishes wretchedly. x2
Unknown command.
Unknown command.
Aiming: Dig
Press: ? - help, Shift-Dir - straight line A rock wall.
The rock shatters into small pieces.
Unknown command.
Aiming: Phantom Mirror
Press: ? - help, Dir - move target, f - golden dragon
Aim: a golden dragon (black smoke)
You reflect the golden dragon with the mirror!
The mirror clouds!
The orb of fire glows yellow.
The fireball explodes!
The fireball engulfs you! You resist.
* * * LOW HITPOINT WARNING * * *
Unknown command.
Unknown command.
The golden dragon attacks as you move away!
The golden dragon bites you but does no damage.
You block the golden dragon's attack. x2
Unknown command.
Unknown command.
Okay, then.
Unknown command.
Unknown command.
The orb of fire glows bright magenta.
The fireball explodes!
The fireball engulfs you!! You resist.
You die...
Kikubaaqudgha rasps: "You have failed me!
Welcome... oblivion!"

### ##.# ## #..#
#.## ##.## #@##
###..#.
##.#########.....)
###*D§§§..........
#.†§§D§§....Dy..##
##.§§§§§....*..†#
##.§§....#####.#
#.§....## **.W#
*#.......#**,.W#
#..####...#,.§.#*


You could see an orb of fire and a golden dragon.

Vanquished Creatures
  the Royal Jelly (Slime:5)
  2 Killer Klowns (Zot:1)
  2 caustic shrikes (Depths:1)
  A golden dragon (Depths:4)
  An electric golem (Zot:4)
  The ghost of Rofut the Lord of Darkness, an adept AtIE of Kikubaaqudgha (Depths:3)
  3 tentacled monstrosities
  Jorgrun (Orc:2)
  A quicksilver dragon (Zot:1)
  A walking divine tome (Depths:1)
  Frances (D:12)
  6 acid blobs (Slime:5)
  Gastronok (D:12)
  7 death cobs
  Kirke (D:14)
  A shadow dragon (Zot:2)
  A fenstrider witch (Swamp:2)
  2 storm dragons
  5 azure jellies
  4 fire giants
  A draconian monk (Zot:1)
  A ghost moth (Spider:4)
  2 emperor scorpions (Spider:4)
  A deep elf sorcerer (Elf:2)
  A draconian shifter (Depths:4)
  A juggernaut zombie (Depths:2)
  An angel (WizLab)
  A deep elf elementalist (Elf:3)
  2 spriggan defenders
  A draconian stormcaller (Zot:2)
  A ghoul (Swamp:2)
  6 quicksilver oozes
  3 very ugly things
  A war gargoyle (WizLab)
  A draconian annihilator (Zot:3)
  5 stone giants
  An eleionoma (Swamp:4)
  A green draconian (Zot:1)
  A deep elf demonologist (Elf:3)
  19 nameless horrors
  4 broodmothers
  4 purple draconians (Zot:1)
  A red draconian (Depths:4)
  4 black draconians
  A white draconian (Zot:2)
  6 spark wasps
  A minotaur (Gauntlet)
  A yellow draconian (Zot:1)
  6 deep elf death magi
  2 acid blob zombies (Slime:5)
  Snorg (D:12)
  An ettin (Depths:4)
  A blizzard demon (Swamp:4)
  2 fire dragons
  An entropy weaver (Spider:4)
  A rakshasa (Depths:2)
  Fannar (Lair:2)
  3 peacekeepers (WizLab)
  3 hydras
  2 great orbs of eyes
  5 ice dragons
  5 ghost crabs (Swamp:1)
  A catoblepas (Lair:5)
  6 boulder beetles
  2 alligators
  8 dancing weapons
  A radroach (Spider:4)
  3 spriggan air magi
  A death knight (D:13)
  3 centaur warriors
  2 two-headed ogres
  An azure jelly zombie (Slime:5)
  A deep troll shaman (Depths:2)
  8 death yaks
  8 orc high priests (Orc:2)
  2 deep troll earth magi
  2 spriggan berserkers
  3 tengu warriors
  10 deep elf knights
  A hell knight (Depths:2)
  A skyshark (shapeshifter) (Depths:3)
  Sonja (D:10)
  2 pharaoh ants (Spider:3)
  A deep troll (Depths:3)
  A salamander mystic (Depths:4)
  A skeletal warrior (D:14)
  Lodul (D:12)
  2 orb spiders (Spider:4)
  A sun moth (Spider:4)
  3 death drakes
  2 goliath frogs
  8 spriggan druids
  2 flayed ghosts (Depths:2)
  11 bog bodies
  An obsidian statue (Gauntlet)
  A deep elf archer (Elf:1)
  4 goliath frog zombies (Swamp:3)
  3 phantasmal warriors
  A wizard (D:14)
  2 glowing orange brains
  7 orc knights
  8 deep elf zephyrmancers
  A necromancer (Swamp:3)
  18 deep elf pyromancers
  2 shining eyes
  12 wolf spiders
  4 ugly things
  7 orc sorcerers
  2 will-o-the-wisps
  2 salamanders (Depths:4)
  2 cyclopes
  A cyclops (shapeshifter) (Depths:1)
  A large abomination (Depths:4)
  7 moths of wrath
  An ice statue (IceCv)
  2 centaur zombies (D:15)
  2 elephants (Lair:5)
  3 apocalypse crabs (Swamp:1)
  A naga mage (D:15)
  A demonic crawler (Spider:1)
  An orange demon (Orc:2)
  A gargoyle (WizLab)
  2 torpor snails
  A kobold demonologist (D:11)
  Joseph (D:8)
  2 rime drakes
  4 centaur skeletons (D:14)
  An efreet (D:14)
  5 komodo dragons
  A cane toad (Lair:2)
  6 unseen horrors
  A spark wasp simulacrum (Depths:2)
  2 yaktaurs (D:14)
  3 swamp worm zombies (Swamp:3)
  2 freezing wraiths
  A tengu conjurer (Depths:3)
  3 polar bears (IceCv)
  3 trolls
  A hellwing (Orc:2)
  4 tarantellas
  6 hornets
  2 meliai (Gauntlet)
  4 tyrant leeches
  4 blink frogs
  5 spectral swamp dragons (Swamp:3)
  Sigmund (D:4)
  25 slime creatures
  5 alligator zombies (Swamp:3)
  4 culicivoras
  10 spriggans
  5 jumping spiders
  37 yaks
  A basilisk (Lair:1)
  3 slime creature zombies (Slime:5)
  A fire elemental (Elf:3)
  2 water elementals
  7 wraiths
  2 golden eyes (Slime:3)
  3 wyverns
  2 small abominations (Depths:4)
  3 tyrant leech zombies (Swamp:3)
  2 chaos spawn (Depths:4)
  2 steam dragons
  13 redbacks
  Edmund (D:4)
  A neqoxec (Swamp:4)
  9 vampire mosquitoes
  2 swamp worms (Swamp:3)
  6 acid dragons
  5 wargs
  A glowing shapeshifter zombie (Depths:2)
  4 water moccasins
  34 orc warriors
  2 sky beasts
  An elf zombie (Gauntlet)
  A black bear (shapeshifter) (D:15)
  A boggart (D:14)
  A black bear (Lair:5)
  3 ice beasts
  17 ogres
  17 wolves
  7 centaurs
  2 phantoms
  2 kobold brigands
  A gnoll sergeant (D:10)
  9 bullfrogs
  2 necrophages (Swamp:2)
  4 scorpions
  3 earth elementals
  9 wights (D:9)
  A troll zombie (Swamp:3)
  2 spriggan zombies (Swamp:3)
  14 killer bees
  3 howler monkeys (D:14)
  8 electric eels
  A lava snake (Lair:5)
  4 hounds
  Crazy Yiuf (D:4)
  22 orc priests
  A gnoll bouda (Orc:2)
  Jessica (D:2)
  Terence (D:3)
  22 orc wizards
  A sleepcap (D:5)
  4 iguanas
  A statue (D:15)
  11 gnolls
  10 adders
  2 river rats (D:3)
  5 white imps (Lair:4)
  An ufetubus (D:7)
  3 worms
  90 orcs
  18 ball pythons
  4 bats (D:1)
  13 endoplasms
  19 giant cockroaches
  7 hobgoblins
  9 jackals
  19 kobolds
  7 quokkas
  7 frilled lizards
  7 goblins
  10 rats
1014 creatures vanquished.

Vanquished Creatures (collateral kills)
  A juggernaut (Depths:3)
  Sojobo (Depths:3)
  A Killer Klown (Zot:1)
  3 caustic shrikes (Depths:1)
  2 golden dragons (Depths:2)
  Arachne (Spider:2)
  3 doom hounds (Depths:2)
  2 bone dragons (Depths:2)
  An electric golem (WizLab)
  2 Tzitzimimeh (Depths:2)
  Rupert (Spider:1)
  4 tentacled monstrosities
  2 liches
  A walking earthen tome (Depths:3)
  3 quicksilver dragons (Zot:1)
  2 deep elf blademasters (Elf:3)
  Grunn (Depths:2)
  2 deep elf master archers (Elf:3)
  A walking divine tome (Depths:2)
  8 acid blobs
  4 sphinxes
  Agnes (Elf:1)
  A shadow dragon (Depths:4)
  6 storm dragons
  3 tengu reavers (Depths:3)
  3 draconian knights
  Donald (Swamp:4)
  5 azure jellies
  3 rockslimes
  8 frost giants
  6 fire giants
  2 draconian monks (Zot:1)
  7 fenstrider witches (Swamp:4)
  A ghost moth (Zot:1)
  2 deep elf sorcerers (Elf:3)
  4 draconian scorchers
  4 emperor scorpions
  A draconian stormcaller (Zot:1)
  An angel (WizLab)
  2 deep elf elementalists (Elf:3)
  Louise (Elf:1)
  2 draconian shifters (Zot:1)
  8 stone giants
  A quicksilver ooze (Lair:4)
  14 very ugly things
  An ironbound preserver (WizLab)
  2 spriggan defenders
  4 broodmothers
  3 draconian annihilators (Zot:1)
  5 ironbound thunderhulks (WizLab)
  2 vampire knights
  2 war gargoyles (WizLab)
  9 deep elf demonologists
  3 green draconians
  Azrael (Spider:2)
  13 purple draconians
  2 red draconians (Zot:1)
  3 eleionomae
  3 yellow draconians
  A black draconian (Depths:4)
  5 bunyips
  3 white draconians
  14 spark wasps
  9 deep elf annihilators
  10 nameless horrors
  A green death (Swamp:4)
  6 crystal guardians
  A blizzard demon (Depths:2)
  8 ettins
  Josephine (Swamp:1)
  6 deep elf death magi (Elf:3)
  8 fire dragons
  4 shambling mangroves
  4 entropy weavers
  2 great orbs of eyes (Slime:5)
  12 ice dragons
  3 deep elf high priests
  2 rakshasas
  9 hydras
  A salamander tyrant (WizLab)
  6 spriggan air magi
  3 ghost crabs
  A jorogumo (Spider:3)
  A catoblepas (Lair:4)
  A demonspawn (Orc:2)
  2 ironbound frosthearts (IceCv)
  7 peacekeepers (WizLab)
  3 centaur warriors
  A boulder beetle (Spider:3)
  4 radroaches
  A tengu warrior (Depths:2)
  12 alligators
  22 dancing weapons
  3 deep troll shamans
  6 deep troll earth magi
  13 death yaks
  4 spriggan berserkers
  Urug (Orc:1)
  A shock serpent (shapeshifter) (Depths:3)
  6 hell knights
  7 deep elf knights (Elf:2)
  A sixfirhy (Swamp:4)
  2 large abominations (Depths:4)
  A skyshark (Lair:5)
  3 sun moths
  8 pharaoh ants
  4 iron trolls
  9 goliath frogs
  6 deep trolls
  10 orb spiders
  A flayed ghost (Depths:3)
  6 bog bodies
  7 spriggan druids
  2 glowing orange brains
  2 spriggan riders
  7 swamp dragons
  A wizard (Depths:2)
  2 orange crystal statues
  12 deep elf archers
  11 steelbarb worms
  2 orc knights
  A wolf spider zombie (D:15)
  A lindwurm (Lair:5)
  20 deep elf zephyrmancers
  5 will-o-the-wisps
  13 deep elf pyromancers
  8 ugly things
  3 necromancers
  3 cyclopes
  3 orc sorcerers
  29 wolf spiders
  2 oklob plants (Lair:5)
  4 shining eyes
  A moth of wrath (shapeshifter) (Depths:2)
  6 elephants (Lair:5)
  6 moths of wrath
  4 salamanders
  An apocalypse crab (Swamp:1)
  8 torpor snails
  5 eyes of devastation
  2 black mambas
  5 gargoyles (WizLab)
  3 cane toads
  4 demonic crawlers
  2 molten gargoyles (WizLab)
  An unseen horror (Depths:4)
  An orange demon (Swamp:4)
  A yaktaur (D:14)
  An efreet (D:13)
  2 komodo dragons
  A tormentor (Depths:2)
  4 polar bears
  18 hornets
  3 meliai
  33 tarantellas
  6 tyrant leeches
  A hellwing (Swamp:4)
  4 blink frogs
  An alligator zombie (Swamp:3)
  50 slime creatures
  3 air elementals (Elf:2)
  A spectral swamp dragon (Swamp:3)
  22 culicivoras
  21 spriggans
  24 jumping spiders
  2 water elementals
  A wraith (Swamp:1)
  13 yaks
  2 wyverns
  A slime creature zombie (Slime:5)
  4 golden eyes
  6 chaos spawn
  5 fire elementals
  2 neqoxecs (Swamp:4)
  6 vampire mosquitoes
  44 redbacks
  8 swamp worms
  2 acid dragons (D:14)
  3 hell hounds (Spider:2)
  2 small abominations (Depths:4)
  3 water moccasins
  9 orc warriors
  A swamp drake (Swamp:1)
  A floating eye (Depths:3)
  An ogre (D:12)
  8 wolves
  5 centaurs
  4 bullfrogs
  2 necrophages (Swamp:2)
  4 earth elementals
  2 killer bees (Lair:3)
  An electric eel (Spider:2)
  3 lava snakes (Lair:5)
  7 orc priests
  3 jellies (Lair:4)
  An orc wizard (D:9)
  2 lightning spires (WizLab)
  A gnoll (Orc:2)
  7 white imps (Lair:4)
  23 orcs
  A spectral weapon (Swamp:3)
1025 creatures vanquished.

Vanquished Creatures (others)
  A golden dragon (Depths:1)
  2 quicksilver dragons (Zot:4)
  2 acid blobs (Slime:5)
  A shadow dragon (Zot:4)
  A storm dragon (Zot:4)
  2 fenstrider witches (Swamp:1)
  A rockslime (Slime:2)
  3 azure jellies
  4 ghost moths
  6 emperor scorpions
  2 draconian knights
  2 frost giants
  A demonspawn warmonger (WizLab)
  A fire giant (Depths:1)
  A draconian annihilator (Zot:4)
  A quicksilver ooze (Slime:2)
  4 broodmothers
  3 eleionomae
  2 bunyips
  5 spark wasps
  A red draconian (Depths:4)
  An ettin (Depths:1)
  2 acid blob zombies (Slime:5)
  2 entropy weavers (Spider:4)
  A fire dragon (Depths:1)
  2 ice dragons
  A fenstrider witch zombie (Swamp:1)
  3 hydras
  2 two-headed ogres
  2 jorogumos
  4 radroaches
  3 spriggan air magi (Swamp:2)
  2 azure jelly zombies (Slime:3)
  A boulder beetle (Spider:4)
  2 alligators (Swamp:2)
  A deep troll earth mage (Depths:1)
  A dancing weapon (Elf:1)
  A spriggan (Swamp:2)
  A tengu warrior (Depths:3)
  7 deep elf knights
  4 spriggan berserkers
  A quicksilver ooze zombie (Slime:4)
  A fire crab (Lair:5)
  3 bunyip zombies
  A goliath frog (Swamp:3)
  3 death drakes (Swamp:4)
  A spriggan rider (Swamp:4)
  An orb spider (Spider:1)
  A spriggan druid (Swamp:1)
  3 steelbarb worms
  11 deep elf zephyrmancers
  2 swamp dragons
  10 deep elf pyromancers
  An ugly thing zombie (D:13)
  2 wizards
  7 deep elf archers
  5 goliath frog zombies
  2 wolf spiders
  An eleionoma zombie (Swamp:1)
  5 moths of wrath
  A cane toad (Lair:3)
  A human zombie (Swamp:4)
  An unseen horror (D:8)
  4 death yak zombies (Lair:5)
  A komodo dragon (Lair:5)
  4 swamp worm zombies
  2 death drake zombies (Swamp:4)
  5 hydra zombies
  3 polar bears (IceCv)
  A hornet (Swamp:2)
  A meliai (Spider:4)
  2 tyrant leeches
  3 bloated husks (Swamp:4)
  3 blink frogs
  A great orb of eyes zombie (Slime:5)
  A boulder beetle zombie (D:13)
  2 culicivoras
  3 jumping spiders
  10 slime creatures
  8 alligator zombies
  A wraith (Swamp:3)
  A black mamba zombie (Lair:5)
  14 slime creature zombies
  3 tyrant leech zombies
  7 humans (D:14)
  5 redbacks
  A two-headed ogre zombie (D:8)
  An orc warrior (Orc:2)
  4 hornet zombies
  7 swamp dragon zombies
  3 blink frog zombies
  A ghost crab zombie (Swamp:1)
  2 ogres (Orc:2)
  A centaur (D:8)
  4 vampire mosquito zombies (D:13)
  A kobold brigand (D:14)
  3 yaktaur zombies (D:14)
  A fire crab zombie (Lair:5)
  4 komodo dragon zombies
  A cyclops zombie (D:13)
  2 water moccasin zombies
  A warg zombie (Orc:2)
  2 polar bear zombies (IceCv)
  13 spriggan zombies
  10 yak zombies
  A troll zombie (D:12)
  8 wolf zombies
  2 centaur zombies
  A black bear zombie (Lair:5)
  3 orc wizards
  7 acid dragon zombies
  6 ogre zombies
  A swamp drake zombie (Swamp:1)
  34 orc zombies
  3 orcs
  2 ball pythons
  2 endoplasms
  A goblin (D:9)
  A hobgoblin (D:9)
  A ball python zombie (D:10)
  2 endoplasm zombies
  A frilled lizard (D:8)
  2 goblin zombies
  A rat (D:9)
  A rat zombie (D:9)
  41 foxfires
421 creatures vanquished.

Grand Total: 2460 creatures vanquished

Notes
Turn   | Place    | Note
-------+----------+-------------------------------------------
     0 | D:1      | browni3141 the Mummy Fighter began the quest for the Orb.
     0 | D:1      | Reached XP level 1. HP: 18/18 MP: 1/1
    82 | D:1      | Found The Oracle's Delphic Readings.
   109 | D:1      | Reached XP level 2. HP: 18/24 MP: 2/2
   254 | D:1      | You fall into a shaft and drop 1 floor!
   256 | D:2      | Noticed Jessica
   274 | D:2      | Killed Jessica
   275 | D:2      | Gained mutation: You are in touch with the powers of death.
                  | [Mummy growth]
   275 | D:2      | Reached XP level 3. HP: 21/29 MP: 3/3
   405 | D:2      | Reached XP level 4. HP: 32/35 MP: 4/4
  1021 | D:2      | Reached XP level 5. HP: 28/41 MP: 5/5
  1566 | D:3      | Found a hazy altar of Hepliaklqana.
  1627 | D:3      | Found a glowing drain.
  1631 | Sewer    | Entered a sewer
  1799 | Sewer    | Reached skill level 5 in Short Blades
  1994 | Sewer    | Reached XP level 6. HP: 38/47 MP: 6/6
  2013 | Sewer    | Identified the +7 falchion of Dyaz {flame, rElec Int+2
                  | Dex+3 Stlth-}
  2197 | D:3      | Noticed Terence
  2516 | D:3      | Killed Terence
  2743 | D:3      | Noticed a shadow
  2744 | D:3      | Found a shadowy altar of Dithmenos.
  2790 | D:4      | Found an iron altar of Okawaru.
  2792 | D:4      | Found a sparkling altar of Nemelex Xobeh.
  2793 | D:4      | Found a shimmering altar of Xom.
  2843 | D:4      | Noticed an ice beast
  2853 | D:4      | Killed an ice beast
  2854 | D:4      | Reached skill level 1 in Long Blades
  2854 | D:4      | Reached skill level 1 in Spellcasting
  2854 | D:4      | Reached XP level 7. HP: 52/52 MP: 6/9
  3138 | D:4      | Found a staircase to the Ecumenical Temple.
  3148 | Temple   | Entered the Ecumenical Temple
  3202 | Temple   | Became a worshipper of Kikubaaqudgha
  3502 | D:4      | Noticed Sigmund
  3523 | D:4      | Killed Sigmund
  3549 | D:4      | Noticed Edmund
  3608 | D:4      | Found a runed translucent door.
  3609 | D:4      | Noticed Crazy Yiuf
  3791 | D:4      | Killed Edmund
  3896 | D:4      | Killed Crazy Yiuf
  4109 | D:5      | Entered Level 5 of the Dungeon
  4150 | D:5      | Found a radiant altar of Vehumet.
  4287 | D:5      | Reached XP level 8. HP: 52/58 MP: 13/13
  4474 | D:5      | Reached skill level 1 in Dodging
  4978 | D:6      | Reached skill level 1 in Evocations
  4989 | D:6      | Found Cyghui's Weapon Emporium.
  5163 | D:6      | Found a bloodstained altar of Trog.
  5190 | D:6      | Found Vonu's Antique Armour Emporium.
  5207 | D:6      | Found Dittaud's Antique Armour Emporium.
  5321 | D:6      | Reached skill level 5 in Long Blades
  5339 | D:6      | Reached * piety under Kikubaaqudgha
  5339 | D:6      | Received a gift from Kikubaaqudgha
  5341 | D:6      | Found a blossoming altar of Fedhas.
  5419 | D:6      | Reached skill level 5 in Spellcasting
  5419 | D:6      | Reached skill level 1 in Necromancy
  5515 | D:6      | Found Sinakem's Magic Scroll Shoppe.
  5533 | D:6      | Bought a scroll of teleportation for 30 gold pieces
  5537 | D:6      | Found Vuggeta's Assorted Antiques.
  5550 | D:6      | Reached skill level 2 in Necromancy
  5850 | D:6      | Reached XP level 9. HP: 54/63 MP: 16/16
  6127 | D:7      | Reached skill level 3 in Necromancy
  6356 | D:7      | Found an opulent altar of Gozag.
  6414 | D:7      | Reached skill level 4 in Necromancy
  6713 | D:8      | Found a flagged portal.
  6722 | Bailey   | Entered a bailey
  6844 | Bailey   | Reached ** piety under Kikubaaqudgha
  6863 | Bailey   | Reached skill level 5 in Necromancy
  7150 | Bailey   | Noticed a two-headed ogre
  7175 | Bailey   | Killed a two-headed ogre
  7176 | Bailey   | Reached XP level 10. HP: 63/72 MP: 17/17
  7312 | Bailey   | Reached skill level 6 in Necromancy
  7438 | D:8      | Found a burning altar of Makhleb.
  7537 | D:8      | Noticed a boulder beetle
  7651 | D:8      | Noticed Joseph
  7675 | D:8      | Killed Joseph
  7676 | D:8      | Reached skill level 5 in Fighting
  7676 | D:8      | Reached skill level 7 in Necromancy
  8097 | D:8      | Learned a level 4 spell: Animate Dead
  8100 | D:8      | Learned a level 2 spell: Cigotuvi's Dreadful Rot
  8145 | D:8      | Found a hide-covered altar of Uskayaw.
  8159 | D:8      | Got Ceprafif's Anthology of the Enchanted Bane
  8262 | D:8      | Reached *** piety under Kikubaaqudgha
  8262 | D:8      | Received a gift from Kikubaaqudgha
  8268 | D:8      | Reached skill level 5 in Armour
  8268 | D:8      | Reached skill level 8 in Necromancy
  8520 | D:8      | Killed a boulder beetle
  8521 | D:8      | Reached XP level 11. HP: 59/79 MP: 16/18
  8659 | D:9      | Learned a level 4 spell: Dispel Undead
  8664 | D:9      | Learned a level 4 spell: Anguish
  8671 | D:9      | Learned a level 6 spell: Death Channel
  8742 | D:9      | Found a shimmering blue altar of Sif Muna.
  8822 | D:9      | Reached skill level 9 in Necromancy
  9261 | D:9      | Identified the +3 short sword of the Stork {antimagic,
                  | rPois Dex+3}
  9433 | D:9      | Noticed a two-headed ogre
  9463 | D:9      | Killed a two-headed ogre
  9841 | D:9      | Identified a scroll of acquirement
  9843 | D:10     | Entered Level 10 of the Dungeon
  9855 | D:10     | Noticed Sonja
  9862 | D:9      | Acquired a +2 quick blade of venom
  9925 | D:10     | Killed Sonja
  9926 | D:10     | Reached skill level 10 in Necromancy
 10012 | D:10     | Noticed a boulder beetle
 10033 | D:10     | Killed a boulder beetle
 10321 | D:10     | Identified the ring "Orishrego" {rF+ rN+ Stlth+}
 10995 | D:11     | Found a gate leading to a gauntlet.
 11004 | Gauntlet | Entered a Gauntlet
 11004 | Gauntlet | Found a transporter.
 11004 | Gauntlet | Found a transporter.
 11008 | Gauntlet | Found a transporter.
 11008 | Gauntlet | Found a transporter.
 11009 | Gauntlet | Noticed a catoblepas
 11015 | Gauntlet | Noticed a wretched star
 11017 | Gauntlet | Found a transporter.
 11036 | Gauntlet | Found a transporter.
 11046 | Gauntlet | Found a transporter.
 11046 | Gauntlet | Found a transporter.
 11046 | Gauntlet | Noticed an obsidian statue
 11068 | Gauntlet | Found a transporter.
 11075 | Gauntlet | Found a transporter.
 11087 | Gauntlet | Found a transporter.
 11111 | Gauntlet | Found a transporter.
 11148 | Gauntlet | Found a transporter.
 11150 | Gauntlet | Noticed a death scarab
 11154 | Gauntlet | Noticed a death scarab
 11162 | Gauntlet | Found a transporter.
 11262 | Gauntlet | Found a transporter.
 11271 | Gauntlet | Noticed a ghost crab
 11278 | Gauntlet | Found a transporter.
 11471 | Gauntlet | Reached skill level 1 in Throwing
 11486 | Gauntlet | Identified the ring "Leatyrph" {Contam rPois Str+6 Dex+2}
 11530 | Gauntlet | Identified the +1 hat "Upeos Telo" {Dex+3}
 11580 | Gauntlet | Killed an obsidian statue
 11864 | Gauntlet | Identified the +10 morningstar of Ignis's Inspiration
                  | {venom, rPois}
 11864 | Gauntlet | Noticed a minotaur
 11924 | Gauntlet | Killed a minotaur
 11925 | Gauntlet | Reached XP level 12. HP: 56/86 MP: 16/22
 12103 | D:11     | Found a runed translucent door.
 12104 | D:11     | Found a shimmering altar of Xom.
 12104 | D:11     | Noticed Pokonic1's ghost (journeyman GrMo)
 12153 | D:11     | Noticed a two-headed ogre
 12175 | D:11     | Killed a two-headed ogre
 12176 | D:11     | Reached skill level 11 in Necromancy
 12378 | D:11     | Found a staircase to the Lair.
 12537 | D:11     | Found a shadowy altar of Dithmenos.
 12653 | D:11     | Reached skill level 5 in Dodging
 13173 | D:11     | Reached **** piety under Kikubaaqudgha
 13536 | Lair:1   | Entered Level 1 of the Lair of Beasts
 14697 | Lair:2   | Noticed Fannar
 14736 | Lair:2   | Killed Fannar
 15552 | Lair:3   | Reached skill level 12 in Necromancy
 15555 | Lair:3   | Found a hole to the Spider Nest.
 15694 | Lair:3   | Noticed a four-headed hydra
 15705 | Lair:3   | Found a staircase to the Swamp.
 15811 | Lair:3   | Reached skill level 10 in Spellcasting
 16184 | Lair:3   | Noticed a seven-headed hydra
 16196 | Lair:3   | Killed a four-headed hydra
 16751 | Lair:4   | Noticed a catoblepas
 16759 | Lair:4   | Killed a catoblepas
 16760 | Lair:4   | Gained mutation: You are strongly in touch with the powers
                  | of death. [Mummy growth]
 16760 | Lair:4   | Reached XP level 13. HP: 50/91 MP: 8/27
 16909 | Lair:4   | Identified the orb of Duty {guile, +Blink rC- Str+5 Int+2}
 16926 | Lair:4   | Noticed a quicksilver ooze
 16939 | Lair:4   | Killed a quicksilver ooze
 16940 | Lair:4   | Reached skill level 10 in Dodging
 16987 | Lair:4   | Found a frozen archway.
 17013 | IceCv    | Entered an ice cave
 17323 | IceCv    | Reached ***** piety under Kikubaaqudgha
 17445 | IceCv    | Identified the +2 cloak of Tentacled Liberty {rN+ Int+3}
 18475 | IceCv    | Identified the +0 plate armour "Xenung" {Str+3}
 19576 | Lair:4   | Learned a level 2 spell: Blink
 19637 | Lair:5   | Entered Level 5 of the Lair of Beasts
 19665 | Lair:5   | Found a staircase to the Slime Pits.
 20107 | Lair:5   | Reached skill level 1 in Translocations
 20114 | Lair:5   | Reached skill level 13 in Necromancy
 20186 | Lair:5   | Reached XP level 14. HP: 72/100 MP: 23/28
 20697 | Lair:5   | Reached skill level 5 in Shields
 22113 | D:1      | Bought a scroll of immolation for 48 gold pieces
 22113 | D:1      | Bought a scroll of teleportation for 36 gold pieces
 22113 | D:1      | Bought 2 scrolls of enchant armour for 180 gold pieces
 22113 | D:1      | Bought a scroll of teleportation for 36 gold pieces
 22114 | D:1      | Bought a scroll of identify for 24 gold pieces
 22114 | D:1      | Bought a scroll of identify for 24 gold pieces
 22503 | D:12     | Found a staircase to the Orcish Mines.
 22597 | D:12     | Found a portal to a secret trove of treasure.
 22938 | D:12     | Noticed Frances
 22963 | D:12     | Killed Frances
 23245 | D:12     | Noticed Gastronok
 23275 | D:12     | Killed Gastronok
 23371 | D:12     | Noticed Lodul
 23383 | D:12     | Killed Lodul
 23425 | D:12     | Noticed Snorg
 23433 | D:12     | Killed Snorg
 23904 | D:13     | Reached ****** piety under Kikubaaqudgha
 24488 | D:13     | Reached skill level 14 in Necromancy
 24854 | D:13     | Received a gift from Kikubaaqudgha
 24864 | D:13     | Learned a level 8 spell: Infestation
 25097 | D:14     | Reached XP level 15. HP: 88/108 MP: 4/30
 25702 | D:14     | Found a transporter.
 25792 | D:14     | Noticed Kirke
 25829 | D:14     | Killed Kirke
 25954 | D:14     | Found a transporter.
 26451 | D:14     | Found a gate to the Vaults.
 27115 | D:15     | Entered Level 15 of the Dungeon
 27316 | Orc:1    | Entered Level 1 of the Orcish Mines
 27316 | Orc:1    | Found Emoe's Antique Armour Shoppe.
 27376 | Orc:2    | Entered Level 2 of the Orcish Mines
 27914 | Orc:2    | Found Afentena's Assorted Antiques.
 27919 | Orc:2    | Found a staircase to the Elven Halls.
 28250 | Orc:2    | Found Biung's General Store.
 28251 | Orc:2    | Found Edgheol's General Store.
 28292 | Orc:2    | Reached skill level 1 in Stealth
 28948 | Orc:2    | Bought a scroll of fear for 64 gold pieces
 28948 | Orc:2    | Bought 3 scrolls of enchant weapon for 360 gold pieces
 28948 | Orc:2    | Bought a scroll of magic mapping for 120 gold pieces
 28951 | Orc:2    | Bought a scroll of vulnerability for 60 gold pieces
 28959 | Orc:2    | Learned a level 7 spell: Haunt
 29337 | Orc:2    | Noticed Jorgrun
 29349 | Orc:2    | Killed Jorgrun
 30447 | Orc:2    | Found Entahapp's Jewellery Shoppe.
 30447 | Orc:2    | Found Vaucoqoj's Antique Armour Emporium.
 30553 | Orc:2    | Found a one-way gate leading to the halls of Pandemonium.
 30650 | Orc:1    | Found Kangim's Antique Armour Shoppe.
 30652 | Orc:1    | Found Fecet's Magic Scroll Shoppe.
 30652 | Orc:1    | Noticed Urug
 30928 | Orc:1    | Learned a level 1 spell: Necrotise
 31290 | Orc:1    | Killed Urug
 31510 | Orc:1    | Reached skill level 15 in Necromancy
 31539 | Orc:1    | Found Yguuwkij's Magic Scroll Shoppe.
 31542 | Orc:1    | Bought a scroll of brand weapon for 133 gold pieces
 31542 | Orc:1    | Bought a scroll of teleportation for 42 gold pieces
 31542 | Orc:1    | Bought a scroll of fear for 56 gold pieces
 31695 | Orc:1    | Bought a scroll of torment for 114 gold pieces
 31695 | Orc:1    | Bought a scroll of fear for 48 gold pieces
 31695 | Orc:1    | Bought 3 scrolls of blinking for 270 gold pieces
 31695 | Orc:1    | Bought a scroll of silence for 114 gold pieces
 31695 | Orc:1    | Bought a scroll of fog for 48 gold pieces
 31802 | Orc:2    | Bought a scroll of silence for 361 gold pieces
 32372 | Swamp:1  | Entered Level 1 of the Swamp
 32670 | Swamp:1  | Noticed Josephine
 32675 | Swamp:1  | Killed Josephine
 32771 | Swamp:1  | Reached XP level 16. HP: 117/117 MP: 25/32
 32776 | Swamp:1  | Found a runed translucent door.
 33602 | Swamp:1  | Identified the +6 spear "Tufozom" {flame, Int+3}
 33602 | Swamp:1  | Identified the ring of Jocixt {rF++ rCorr Str+6 Int+3 SInv}
 35394 | Swamp:2  | You fall into a shaft and drop 1 floor!
 35433 | Swamp:3  | Identified the +1 shortbow "Gadauz" {drain, *Slow rPois
                  | Will- rCorr Str+5}
 36447 | Swamp:3  | Reached skill level 16 in Necromancy
 37219 | Swamp:3  | Noticed a tentacled monstrosity
 37228 | Swamp:3  | Killed a tentacled monstrosity
 37229 | Swamp:3  | Reached XP level 17. HP: 122/122 MP: 34/34
 37785 | Swamp:2  | Identified the +6 flail of the Fool {vamp, Contam rPois
                  | Will+++}
 38082 | Swamp:4  | Entered Level 4 of the Swamp
 38240 | Swamp:4  | Noticed Donald
 38246 | Swamp:4  | Killed Donald
 38247 | Swamp:4  | Reached skill level 10 in Shields
 38768 | Swamp:4  | Noticed a tentacled monstrosity
 38778 | Swamp:4  | Your ally Donald died
 38780 | Swamp:4  | Killed a tentacled monstrosity
 39142 | Swamp:4  | Noticed a tentacled monstrosity
 39160 | Swamp:4  | Killed a tentacled monstrosity
 39413 | Swamp:4  | Got a decaying rune of Zot
 39965 | Slime:1  | Entered Level 1 of the Pits of Slime
 39986 | Slime:1  | Reached skill level 17 in Necromancy
 39995 | Slime:2  | Noticed an acid blob
 40004 | Slime:2  | Killed an acid blob
 40009 | Slime:2  | Reached skill level 10 in Short Blades
 40215 | Slime:3  | Noticed an acid blob
 40224 | Slime:3  | Noticed an acid blob
 40226 | Slime:3  | Killed an acid blob
 40239 | Slime:3  | Killed an acid blob
 40247 | Slime:3  | Reached XP level 18. HP: 91/129 MP: 28/36
 41438 | Slime:5  | Entered Level 5 of the Pits of Slime
 41463 | Slime:5  | Noticed the Royal Jelly
 41480 | Slime:5  | Killed the Royal Jelly
 42149 | Slime:5  | Got Moiplut's Atlas of Putridity and Anathema
 42201 | Slime:5  | Got a slimy rune of Zot
 42202 | Slime:5  | Identified the +0 dagger of Evisceration {heavy, Str+3}
 42231 | Slime:5  | Identified the +5 scimitar "Qulodel" {freeze, Fragile Fly
                  | Dex+3}
 42245 | Slime:5  | Got Ohobaumn's Parchment of Displacement and Fumes
 42248 | Slime:5  | Identified the +10 halberd of Greed {venom, rCorr Str+2
                  | SInv}
 42983 | Elf:1    | Entered Level 1 of the Elven Halls
 43017 | Elf:1    | Reached skill level 15 in Spellcasting
 43083 | Elf:1    | Found Saimnomp's Book Shoppe.
 43087 | Elf:1    | Found Giwk's Jewellery Emporium.
 43088 | Elf:1    | Found Mapp's Distillery.
 43365 | Elf:1    | Noticed Agnes
 43374 | Elf:1    | Killed Agnes
 43377 | Elf:1    | Reached skill level 1 in Summonings
 43406 | Elf:1    | Noticed a Hell Sentinel
 43647 | Elf:1    | Found a runed translucent gate.
 43647 | Elf:1    | Found a runed translucent gate.
 43647 | Elf:1    | Found a runed translucent gate.
 43647 | Elf:1    | Found a runed translucent gate.
 43647 | Elf:1    | Found a runed translucent gate.
 43652 | Elf:1    | Found a runed translucent gate.
 43729 | Elf:1    | Reached skill level 18 in Necromancy
 44068 | Elf:1    | Noticed Louise
 44082 | Elf:1    | Killed Louise
 45421 | Elf:1    | Acquired 596 gold pieces
 45451 | Elf:1    | Bought the dreamshard necklace {Acrobat *Dream} for 2400
                  | gold pieces
 45451 | Elf:1    | Found the dreamshard necklace {Acrobat *Dream}
 45482 | Elf:2    | Paralysed by an air elemental for 1 turns
 45495 | Elf:2    | Paralysed by an air elemental for 1 turns
 45498 | Elf:2    | Paralysed by an air elemental for 1 turns
 45547 | Elf:2    | HP: 6/129 [deep elf pyromancer/bolt of fire (10)]
 45580 | Elf:2    | HP: 5/129 [deep elf pyromancer/bolt of fire (14)]
 45995 | Elf:2    | Paralysed by an air elemental for 1 turns
 46029 | Elf:2    | Found a runed translucent gate.
 46029 | Elf:2    | Found a runed translucent gate.
 46029 | Elf:2    | Found a runed translucent gate.
 46043 | Elf:2    | Reached XP level 19. HP: 126/134 MP: 5/38
 46043 | Elf:2    | Paralysed by an air elemental for 1 turns
 48029 | Elf:3    | Entered Level 3 of the Elven Halls
 48044 | Elf:3    | Identified the +0 chain mail "Wugrie" {Regen+ rCorr SInv}
 52101 | Elf:3    | Reached skill level 19 in Necromancy
 52374 | Elf:3    | Identified the staff of conjuration "Wyli" {Str+3}
 52651 | Elf:3    | Identified the +0 glaive "Dragon's Tongue" {flame, *Noise
                  | Dex+7}
 52651 | Elf:3    | Identified the ring "Reyxiat" {rN+ Will+ AC+4}
 52700 | Elf:3    | Identified the +1 ring mail "Wicy" {rElec rF+}
 52714 | Elf:3    | Identified the amulet of Scepticism {Regen+ Str+3 Int+3
                  | Stlth+}
 52751 | Elf:3    | Identified the +2 battleaxe "Luesuolad" {antimagic, Str+4}
 52754 | Elf:3    | Identified the +1 scale mail of Eternal Vigilance {-Tele
                  | rPois rC+++ MP-9}
 52779 | Elf:3    | Identified the +8 great sword of Profit {heavy, *Corrode
                  | rC+++}
 52996 | Elf:3    | Got A Primer on Spellwork
 53502 | D:15     | Found a staircase to the Depths.
 53667 | D:15     | Found a radiant altar of Vehumet.
 54270 | Spider:1 | Entered Level 1 of the Spider Nest
 54677 | Spider:1 | Reached XP level 20. HP: 139/141 MP: 24/40
 55030 | Spider:1 | Noticed Rupert
 55046 | Spider:1 | Killed Rupert
 55047 | Spider:1 | Reached skill level 5 in Summonings
 55755 | Spider:2 | Noticed Azrael
 55761 | Spider:2 | Killed Azrael
 55762 | Spider:2 | Noticed Arachne
 55773 | Spider:2 | Killed Arachne
 56685 | Spider:3 | Reached skill level 20 in Necromancy
 57375 | Spider:3 | Learned a level 4 spell: Passage of Golubria
 57382 | Spider:3 | Learned a level 6 spell: Dispersal
 57383 | Spider:4 | Entered Level 4 of the Spider Nest
 57720 | Spider:4 | Reached XP level 21. HP: 134/148 MP: 28/42
 57774 | Spider:4 | Reached skill level 5 in Translocations
 57788 | Spider:4 | Got a gossamer rune of Zot
 58149 | Spider:4 | Identified the scarf "Zaibroklof" {+Inv, rPois rF- rN++
                  | Regen+}
 58509 | Depths:1 | Entered Level 1 of the Depths
 58512 | Depths:1 | Found a gateway to Hell.
 59212 | Depths:1 | Noticed a caustic shrike
 59212 | Depths:1 | Noticed a caustic shrike
 59212 | Depths:1 | Noticed a caustic shrike
 59566 | Depths:1 | Noticed a caustic shrike
 59926 | Depths:1 | Noticed a caustic shrike
 60016 | Depths:1 | Killed a caustic shrike
 60096 | Depths:1 | Killed a caustic shrike
 60110 | Depths:1 | Killed a caustic shrike
 60208 | Depths:1 | Killed a caustic shrike
 60238 | Depths:1 | Killed a caustic shrike
 60277 | Depths:2 | Noticed a golden dragon
 60475 | Depths:2 | Noticed a golden dragon
 60489 | Depths:1 | Learned a level 6 spell: Simulacrum
 60501 | Depths:2 | Killed a golden dragon
 60514 | Depths:2 | Killed a golden dragon
 60867 | Depths:2 | Reached skill level 10 in Fighting
 60869 | Depths:2 | Identified the +8 spear "Basserui" {venom, Int+2 Dex+3}
 61557 | Depths:2 | Reached skill level 21 in Necromancy
 61808 | Depths:2 | Identified the +10 dagger of Callousness {vamp, *Rage rC+++
                  | Dex+3 SInv}
 62028 | Depths:2 | Reached XP level 22. HP: 127/161 MP: 6/43
 62028 | Depths:2 | Noticed Grunn
 62043 | Depths:2 | Found a one-way gate to the infinite horrors of the Abyss.
 62052 | Depths:2 | Killed Grunn
 62976 | Depths:3 | Found a runed translucent door.
 63042 | Depths:3 | Noticed a juggernaut
 63065 | Depths:3 | Killed a juggernaut
 63612 | Depths:3 | Noticed Sojobo
 63616 | Depths:3 | Paralysed by an air elemental for 1 turns
 64182 | Depths:3 | Found Qeinubb's Magic Scroll Shop.
 64213 | Depths:3 | Bought a scroll of immolation for 44 gold pieces
 64213 | Depths:3 | Bought a scroll of teleportation for 33 gold pieces
 64213 | Depths:3 | Bought a scroll of teleportation for 33 gold pieces
 64213 | Depths:3 | Bought a scroll of magic mapping for 82 gold pieces
 64213 | Depths:3 | Bought 2 scrolls of blinking for 165 gold pieces
 64213 | Depths:3 | Bought a scroll of enchant weapon for 82 gold pieces
 64401 | Depths:3 | Reached skill level 10 in Armour
 64408 | Depths:3 | Killed Sojobo
 65126 | Depths:3 | Found a one-way gateway to a ziggurat.
 65135 | Depths:3 | Paralysed by a floating eye for 2 turns
 65255 | Depths:3 | Noticed Rofut's ghost (adept AtIE)
 65360 | Depths:3 | Killed Rofut's ghost
 65361 | Depths:3 | Reached skill level 1 in Ice Magic
 65425 | Depths:3 | Learned a level 3 spell: Vampiric Draining
 65439 | Depths:4 | Entered Level 4 of the Depths
 65737 | Depths:4 | Found a magical portal.
 65742 | WizLab   | Entered Maxwell's Workshop
 66371 | WizLab   | Found the +15 Maxwell's patent armour {-Cast -Tele rElec
                  | Will+ rCorr}
 66379 | WizLab   | Reached XP level 23. HP: 24/171 MP: 18/45
 66499 | WizLab   | Identified the ring "Daotaont" {Fire Contam +Blink Str+3}
 67138 | WizLab   | Identified the ring "Fuevaq Ylol" {Ice rCorr Str+7 Dex-3
                  | Stlth+}
 67141 | WizLab   | Identified the +0 pair of boots "Damit" {Int+2}
 67716 | Depths:4 | Identified the +0 chain mail of Conscience {Int+3 Stlth+}
 67853 | Depths:4 | Reached skill level 15 in Shields
 69173 | Depths:4 | Found a gate to the Realm of Zot.
 69741 | Zot:1    | Entered Level 1 of the Realm of Zot
 70425 | Zot:1    | Noticed a Killer Klown
 70425 | Zot:1    | Noticed a Killer Klown
 70488 | Zot:1    | Killed a Killer Klown
 71020 | Zot:1    | Reached skill level 22 in Necromancy
 71215 | Zot:1    | Killed a Killer Klown
 71625 | Zot:1    | Identified the staff of fire "Kevukem" {rF+ Int+4 Dex+3}
 71698 | Zot:1    | Noticed a Killer Klown
 71725 | Zot:1    | Killed a Killer Klown
 72090 | Zot:1    | Identified the +8 ring mail "Munek" {Harm +Inv Str+5 Dex-5}
 74022 | Zot:3    | You are sucked into a shaft and drop 1 floor!
 74029 | Zot:4    | Reached skill level 10 in Translocations
 74073 | Zot:4    | Reached XP level 24. HP: 114/182 MP: 25/45
 74085 | Zot:4    | Noticed an orb of fire
 74118 | Zot:4    | Killed from afar by an orb of fire

Illustrated notes

Levels and vault maps discovered:
D:1:      dpeg_arrival_more_subterranean_lakeside_camping, layout_basic,
          nicolae_nh_oracle_at_delphi
D:2:      layout_loops_ring, uniq_jessica
D:3:      layout_loops_corners, riverfiend_overflow_shadow_ancestor,
          gup_sewer_entry_bowl, amcnicky_mini_rare_corridor_liquid, uniq_terence
D:4:      layout_basic, grunt_temple_overflow_open, minmay_temple_entry_mist,
          uniq_crazy_yiuf_cottage, uniq_sigmund, uniq_edmund
D:5:      layout_basic, nicolae_overflow_crystal_walls,
          mainiacjoe_overflow_surrounded_room, serial_park_tiny_1
D:6:      layout_loops_corners, marbit_many_paths,
          mainiacjoe_overflow_small_starburst, serial_shops, shop,
          nicolae_shop_stone, nicolae_shop_trees, shop_statue,
          nicolae_shop_overgrown_old_shop, grunt_tough_drop
D:7:      layout_rooms, mainiacjoe_overflow_concentric_impassable
D:8:      layout_basic, mainiacjoe_overflow_24_doors, lemuel_round_altar,
          enter_bailey_2, onia_ninara_dug_in_and_dangerous, uniq_joseph
D:9:      layout_basic, mainiacjoe_overflow_six_doors_small
D:10:     layout_irregular_city, uniq_sonja
D:11:     layout_basic, erik_lair_orcish_takeover, gauntlet_entry_generic,
          ebering_ghost_xom, chequers_serial_rivers_micro_c,
          nicolae_dithmenos_through_a_glass_darkly
D:12:     layout_long_grid, orc_0_dummy, trove_entry_hex_spiral,
          minmay_misc_feat_tiny, uniq_gastronok, uniq_lodul, uniq_frances,
          uniq_snorg
D:13:     layout_roguey, special_room [special_room_orc]
D:14:     gammafunk_cloud_chamber, layout_loops_ring,
          hangedman_vaults_entry_quadrant_bands, nicolae_elyvilon_temple_path,
          elves_outpost_lemuel, uniq_kirke
D:15:     grunt_enter_depths_magical_seal, layout_basic, minmay_door_square,
          vehumet_statue
Temple:   kb_temple_of_zot
Lair:1:   layout_cave_pods
Lair:2:   layout_loops_ring, uniq_fannar
Lair:3:   layout_cave_pods, minmay_swamp_entry_wisps,
          hellmonk_spider_entry_not_the_bees
Lair:4:   layout_big_grid, portal_ice_cave_entry_imps,
          nicolae_lair_time_for_slime
Lair:5:   grunt_lair_end_beastmaster, layout_regular_city,
          minmay_slime_entry_oklob_open, nicolae_lair_liquid_snakes
Swamp:1:  gammafunk_mikee_crab_dinner, layout_basic_swamp,
          hangedman_swamp_ruin_wall, uniq_josephine
Swamp:2:  layout_basic_swamp, serial_swamp_ruin, evilmike_swamp_ruin_house_4,
          evilmike_swamp_ruin_rubble_2, evilmike_swamp_ruin_house_2,
          swamp_pool2, hangedman_swamp_ravenous
Swamp:3:  cheibrodos_swamp_mausoleum, layout_falls_marsh,
          evilmike_swamp_ruin_rubble_1, nicolae_swamp_very_dense_foliage
Swamp:4:  nzn_swamp_witches_coven, layout_basic_swamp, uniq_donald
Spider:1: layout_cave_pods, uniq_rupert
Spider:2: layout_spider_delve, uniq_arachne, uniq_azrael
Spider:3: nicolae_spider_mines_1
Spider:4: hellmonk_spider_rune_endless_swarm, drop_trap
Slime:1:  layout_caves
Slime:2:  layout_caves, nicolae_slime_getting_an_eyeful
Slime:3:  layout_caves, cheibrodos_slime_lost_civilization_4
Slime:4:  layout_caves, cheibrodos_slime_lost_civilization_6
Slime:5
Orc:1:    layout_diamond_mine, serial_shops, nicolae_shop_trees, shop, shop,
          nicolae_shop_rolled_up, uniq_urug
Orc:2:    pf_orc_diabolical, layout_diamond_mine, serial_shops, shop,
          uniq_jorgrun
Elf:1:    eino_elf_arrival_the_gate, layout_loops_corners, orc_legates,
          minivault_16, due_unseen_surprise, minmay_shop_star, uniq_agnes,
          uniq_louise
Elf:2:    elven_hall_of_blades_hangedman_original
          [nicolae_blade_entry_antechamber], layout_rooms, minivault_16,
          amcnicky_mini_pool_small
Elf:3:    elf_hall, layout_geoelf_diagonals
Depths:1: layout_basic, hell_entry, hangedman_abyss_or_decor_passed,
          minmay_misc_feat_plants, bh_walls_and_bars
Depths:2: minmay_complete_graph, layout_gridville, hangedman_coc_ice_floe,
          abyss_entry, nicolae_tso_swordbearing_angel, rand_demon_pan_entry_3,
          zin_scriptorium, uniq_grunn
Depths:3: minmay_the_grid_4x2 [minmay_the_grid_small_cups, minmay_the_grid_mess,
          minmay_the_grid_tiny_cups, minmay_the_grid_tri_star,
          minmay_the_grid_garden, minmay_the_grid_box_x,
          minmay_the_grid_artifice, minmay_the_grid_prize_big_room],
          layout_honeycomb, enter_ziggurat_d, abyss_entry,
          grunt_hell_entry_dis_mu, serial_shops,
          nicolae_shop_just_a_little_nook, minmay_misc_feat_iff,
          ebering_ghost_reflecting_pool, dreamdust_wasp_nest, uniq_sojobo
Depths:4: grunt_zot_entry_hairpin, layout_gridlike,
          chequers_serial_rivers_micro_b, mu_enter_wizlab_2,
          minmay_room_of_horrors, hell_entry
Zot:1:    cheibrodos_zot_enchanting_chambers, layout_misc_corridors,
          bh_zot_ikea_curve, grunt_megastairs_1
Zot:2:    layout_gridville, uniq_josephina
Zot:3:    layout_gridlike
Zot:4:    layout_cathedral_of_symmetry

Skill      XL: |  1  2  3  4  5  6  7  8  9 10 11 12 13 14 15 16 17 18 19 20 21 22 23 |
---------------+----------------------------------------------------------------------+-----
Short Blades   | 2 3 4 5 6 7 8 10 11 13 | 13.1
Long Blades    | 1 3 5 6 8 |  8.0
Spellcasting   | 1 3 5 7 10 11 12 13 14 15 16 17 18 | 18.9
Dodging        | 1 3 4 9 11 12 13 | 13.0
Armour         | 3 5 6 8 9 10 11 | 11.6
Shields        | 3 4 6 8 9 11 12 13 14 15 | 15.6
Evocations     | 2 |  2.0
Necromancy     | 2 5 8 10 12 13 14 15 16 17 18 19 20 21 22 | 22.3
Fighting       | 4 5 6 7 8 10 11 13 | 13.2
Throwing       | 1 2 |  2.0
Translocations | 1 4 6 8 10 | 10.0
Stealth        | 2 4 |  4.0
Summonings     | 2 4 6 7 8 |  8.0
Ice Magic      | 1 2 |  2.0

Action                     |  1- 3 |  4- 6 |  7- 9 | 10-12 | 13-15 | 16-18 | 19-21 | 22-24 || total
---------------------------+-------+-------+-------+-------+-------+-------+-------+-------++-------
  Melee: Dagger            |    60 |   247 |   205 |   197 |       |       |       |       ||   709
         Rapier            |     3 |       |       |       |       |       |       |       ||     3
         Falchion          |       |    33 |   101 |   279 |   639 |   791 |       |       ||  1843
         Quick blade       |       |       |       |   693 |  1778 |    10 |       |       ||  2481
         Scimitar          |       |       |       |       |       |    28 |  1052 |  1047 ||  2127
  Throw: Dart              |       |       |       |     7 |    15 |       |       |       ||    22
   Cast: Animate Dead      |       |       |       |    12 |    22 |    18 |     1 |       ||    53
         Cigotuvi's Dreadf |       |       |       |     4 |     1 |       |       |     1 ||     6
         Dispel Undead     |       |       |       |    10 |    29 |    65 |    10 |    24 ||   138
         Anguish           |       |       |       |     4 |     6 |     2 |     1 |     1 ||    14
         Death Channel     |       |       |       |     7 |    41 |    36 |    20 |    18 ||   122
         Blink             |       |       |       |       |     2 |     3 |     9 |     1 ||    15
         Infestation       |       |       |       |       |       |    30 |   106 |    13 ||   149
         Haunt             |       |       |       |       |       |     1 |    64 |   156 ||   221
         Simulacrum        |       |       |       |       |       |       |    13 |    30 ||    43
         Vampiric Draining |       |       |       |       |       |       |       |     8 ||     8
         Dispersal         |       |       |       |       |       |       |       |     2 ||     2
 Invoke: Unearth Wretches  |       |       |       |    10 |     3 |    20 |    19 |     4 ||    56
         Torment           |       |       |       |       |     1 |     1 |       |       ||     2
         Receive Forbidden |       |       |       |       |     1 |       |       |       ||     1
  Evoke: Wand              |       |       |    17 |    39 |    26 |    28 |    13 |    15 ||   138
         Phantom mirror    |       |       |       |       |     2 |     2 |       |     3 ||     7
         Phial of floods   |       |       |       |       |       |     1 |       |     1 ||     2
    Use: Scroll            |       |       |     6 |     9 |    28 |    14 |    17 |    18 ||    92
   Stab: Paralysed         |       |       |       |     8 |     1 |    13 |     2 |     1 ||    25
         Distracted        |       |       |       |     5 |    11 |    13 |    12 |    24 ||    65
         Invisible         |       |       |       |     2 |     2 |       |       |     4 ||     8
         Petrified         |       |       |       |       |     3 |       |       |       ||     3
         Sleeping          |       |       |       |       |     1 |    10 |     5 |     1 ||    17
 Armour: Scale mail        |    20 |   111 |     8 |       |    72 |       |       |       ||   211
         Chain mail        |       |       |    66 |    10 |       |       |       |       ||    76
         Quicksilver drago |       |       |       |   313 |   449 |   316 |   400 |   235 ||  1713
         Storm dragon scal |       |       |       |       |       |       |       |    83 ||    83
  Dodge: Dodged            |    22 |   125 |    78 |   352 |   798 |   436 |   492 |   422 ||  2725
  Block: Buckler           |     6 |    46 |    49 |   161 |   547 |   402 |   111 |       ||  1322
         Reflection        |       |       |       |       |    41 |    12 |       |       ||    53
         Tower shield      |       |       |       |       |   619 |       |   972 |  1378 ||  2969

Table legend: (Time is in decaauts)
 A = Elapsed time spent in this place.
 B = Non-inter-level travel time spent in this place.
 C = Inter-level travel time spent in this place.
 D = Time resting spent in this place.
 E = Time spent auto-exploring this place.
 F = Levels seen in this place.
 G = Mean time per level.
                   A        B        C        D        E       F      G
               +--------+--------+--------+--------+--------+-----+--------+
         Total |  74077 |  66795 |   7282 |   5287 |  42680 |  52 | 1424.6 |
       Dungeon |  19298 |  16223 |   3075 |    403 |  11781 |  15 | 1286.5 |
        Temple |     97 |     89 |      8 |      0 |     77 |   1 |   97.0 |
          Lair |   7576 |   5783 |   1793 |    248 |   4067 |   5 | 1515.2 |
         Swamp |   7546 |   7090 |    456 |    714 |   4193 |   4 | 1886.5 |
   Spider Nest |   4060 |   3835 |    225 |    156 |   2359 |   4 | 1015.0 |
    Slime Pits |   2882 |   2635 |    247 |    288 |   1602 |   5 |  576.4 |
  Orcish Mines |   4810 |   4399 |    411 |   1092 |   1989 |   2 | 2405.0 |
   Elven Halls |   9078 |   8711 |    367 |   1025 |   5727 |   3 | 3026.0 |
        Depths |   8741 |   8154 |    587 |    383 |   5275 |   4 | 2185.2 |
           Zot |   4361 |   4250 |    111 |    201 |   2787 |   4 | 1090.2 |
         Sewer |    447 |    447 |      0 |      0 |    204 |   1 |  447.0 |
        Bailey |    649 |    649 |      0 |     81 |    313 |   1 |  649.0 |
      Ice Cave |   2141 |   2141 |      0 |    268 |   1215 |   1 | 2141.0 |
        Wizlab |   1459 |   1459 |      0 |    193 |    740 |   1 | 1459.0 |
      Gauntlet |    925 |    925 |      0 |    233 |    349 |   1 |  925.0 |
               +--------+--------+--------+--------+--------+-----+--------+

Top non-repeatable levels by time:
   Elf:3: 4429 daAuts
   Orc:2: 3397 daAuts
   Zot:1: 2750 daAuts
   Elf:2: 2702 daAuts
Depths:3: 2530 daAuts
 Swamp:3: 2503 daAuts
    D:14: 2466 daAuts
Depths:2: 2372 daAuts
   IceCv: 2141 daAuts
  Lair:5: 2119 daAuts
Depths:1: 2090 daAuts
 Swamp:1: 2016 daAuts
    D:11: 1974 daAuts
   Elf:1: 1947 daAuts
    D:12: 1860 daAuts
